 Dungeon Crawl Stone Soup version 0.21-a0-414-gba8bdf1 (webtiles) character file.

37 n0claF the Magician (level 3, -2/19 HPs)
             Began as a Deep Elf Wizard on Nov 2, 2017.
             Slain by Terence
             ... wielding a +0 flail
              (7 damage)
             ... on level 2 of the Dungeon.
             The game lasted 00:03:36 (944 turns).

n0claF the Magician (Deep Elf Wizard)                Turns: 944, Time: 00:03:37

Health: -2/19      AC:  2    Str:  4    XL:     3   Next: 23%
Magic:  0/12       EV: 13    Int: 23    God:
Gold:   64         SH:  0    Dex: 13    Spells: 10/13 levels left

rFire    . . .     SeeInvis .   g - +0 short sword
rCold    . . .     Gourm    .   (no shield)
rNeg     . . .     Faith    .   a - +0 robe
rPois    .         Spirit   .   b - +0 hat
rElec    .         Reflect  .   (no cloak)
rCorr    .         Harm     .   (no gloves)
MR       .....                  (no boots)
Stlth    ++........             (no amulet)
HPRegen  0.06/turn              (no ring)
MPRegen  0.13/turn              (no ring)

@: no status effects
A: no striking features
a: no special abilities


You were on level 2 of the Dungeon.
You were not hungry.

You visited 1 branch of the dungeon, and saw 2 of its levels.

You collected 64 gold pieces.

Inventory:

Hand Weapons
 g - a +0 short sword (weapon)
Armour
 a - a +0 robe (worn)
 b - a +0 hat (worn)
Scrolls
 h - a scroll of enchant armour {unknown}
 j - a scroll of identify {unknown}
Potions
 e - a potion of degeneration {unknown}
 i - a potion of might {unknown}
 k - a potion of haste {unknown}
 l - a potion of mutation {unknown}
 n - 3 potions of resistance {unknown}
 o - a potion of brilliance {unknown}
Books
 c - a book of Minor Magic

   Spells                             Type                      Level
   a - Magic Dart                     Conjuration                  1
   b - Blink                          Translocation                2
   c - Call Imp                       Summoning                    2
   d - Slow                           Hexes                        2
   e - Conjure Flame                  Conjuration/Fire             3
   f - Mephitic Cloud                 Conjuration/Poison/Air       3
Comestibles
 d - 3 bread rations
 f - 4 fruits
 m - 2 meat rations


   Skills:
 + Level 2.9 Dodging
 + Level 2.5 Stealth
 + Level 5.5 Spellcasting
 + Level 1.8 Conjurations
   Level 1.1 Summonings
 + Level 1.1 Translocations


You had 10 spell levels left.
You knew the following spells:

 Your Spells              Type           Power        Failure   Level  Hunger
a - Magic Dart            Conj           ##..         4%          1    None
b - Blink                 Tloc           N/A          9%          2    None


Dungeon Overview and Level Annotations

Branches:
Dungeon (2/15)

Altars:

Annotations:
D:2 Terence


Message History

Terence hits you but does no damage.
You closely miss Terence.
Terence is moderately wounded.
Terence hits you with a flail.
* * * LOW HITPOINT WARNING * * *
You hit Terence but do no damage.
Terence is moderately wounded.
Terence barely misses you.
Casting: Magic Dart
Confirm with . or Enter, or press ? or * to list all spells.
Aiming: Magic Dart
Press: ? - help, Shift-Dir - straight line, f/p - Terence
Aim: Terence, wielding a flail and wearing a scale mail (moderately wounded)
The magic dart hits Terence.
Terence is moderately wounded.
Terence completely misses you.
You hit Terence but do no damage.
Terence is moderately wounded.
Terence hits you with a flail!
You die...

##[.# #...... #
#..#####........
##...............#
#...#####..... #
##..## ##.... #.
#...# #......
#.##...###.....#
#....@##.<....#
##....@......#.#
......).#.....##.#
####..............
#...#.......##.#
#.#.#...)...# #
.....#...<...#
###..#.(.....#
#.......#
#.......#


You could see Terence.

Vanquished Creatures
  3 dart slugs (D:1)
  A leopard gecko (D:1)
  3 bats (D:1)
  3 giant cockroaches
  6 goblins
  4 jackals (D:2)
  A frilled lizard (D:1)
  2 kobolds
  5 rats (D:1)
28 creatures vanquished.

Notes
Turn   | Place    | Note
-------+----------+-------------------------------------------
     0 | D:1      | n0claF the Deep Elf Wizard began the quest for the Orb.
     0 | D:1      | Reached XP level 1. HP: 10/10 MP: 7/7
   299 | D:1      | Reached XP level 2. HP: 15/15 MP: 6/9
   308 | D:1      | Reached skill level 5 in Spellcasting
   689 | D:1      | Reached XP level 3. HP: 16/19 MP: 9/11
   693 | D:1      | Learned a level 2 spell: Blink
   913 | D:2      | Noticed Terence
   944 | D:2      | Slain by Terence

Vault maps used:
D:1:      minmay_arrival_stone_box, minmay_ruptured
D:2:      chequers_temple_overflow_minitemple, uniq_terence

Skill      XL: |  1  2 |
---------------+-------+-----
Spellcasting   | 5 |  5.5
Dodging        | |  2.9
Stealth        | |  2.5
Conjurations   | |  1.8
Summonings     | |  1.1
Translocations | |  1.1

Action                   || total
-------------------------++-------
Melee: Short sword       ||    12
 Cast: Magic Dart        ||    70
Armor: Robe              ||     2
Dodge: Dodged            ||    19

Table legend:
 A = Spawn XP
 B = Non-spawn XP
 C = Spawn XP percentage of total XP
 D = Spawn monster count
 E = Non-spawn monster count
 F = Spawn count percentage of total count
 G = Total turns spent on level
                    A         B        C        D         E        F      G
               +---------+---------+-------+---------+---------+-------+---------
         Total |       0 |      54 |   0.0 |       0 |      28 |   0.0 |   944
               +---------+---------+-------+---------+---------+-------+---------
           D:1 |       0 |      41 |   0.0 |       0 |      21 |   0.0 |   778
           D:2 |       0 |      13 |   0.0 |       0 |       7 |   0.0 |   166
               +---------+---------+-------+---------+---------+-------+---------
